 Dungeon Crawl Stone Soup version 0.28.0-53-g5a82cb258f (webtiles) character file.

Game seed: 10767862773460264880

7781 issech the Protected (level 11, -3/85 HPs)
             Began as a Minotaur Monk on June 25, 2022.
             Was an Elder of Hepliaklqana.
             Killed from afar by a raiju (20 damage)
             ... with a living lightning
             ... on level 8 of the Dungeon.
             The game lasted 00:28:20 (10555 turns).

issech the Protected (Minotaur Monk)               Turns: 10555, Time: 00:28:20

Health: -3/85      AC: 14    Str: 16    XL:     11   Next: 1%
Magic:  10/10      EV: 10    Int:  7    God:    Hepliaklqana [****..]
Gold:   501        SH:  0    Dex: 17    Spells: 10/10 levels left

rFire   . . .      SeeInvis .   M - +1 glaive (drain)
rCold   . . .      Faith    .   (shield currently unavailable)
rNeg    + . .      Spirit   .   H - +1 chain mail {rPois}
rPois   +          Reflect  .   (helmet restricted)
rElec   .          Harm     .   (no cloak)
rCorr   .          Rampage  .   (no gloves)
Will    .....                   n - +0 pair of boots
Stlth   ..........              l - amulet of the acrobat
HPRegen 0.24/turn               r - ring of positive energy
MPRegen 0.12/turn               (no ring)

@: no status effects
A: reduced essence, horns 2, retaliatory headbutt
a: Renounce Religion, Recall Ancestor, Ancestor Identity, Transference, Idealise


You were on level 8 of the Dungeon.
You worshipped Hepliaklqana.
Hepliaklqana was greatly pleased with you.
You visited 2 branches of the dungeon, and saw 9 of its levels.
You also visited: Ossuary.

You collected 501 gold pieces.

Inventory:

Hand Weapons
 i - a +2 mace of protection
 q - a +3 whip of venom
 M - a +1 glaive of draining (weapon)
 R - a +3 dagger of distortion
 T - a +2 hand axe of draining
 V - a +3 battleaxe
 X - a +4 morningstar
 Y - a +5 trident of freezing
 Z - a +3 great sword of freezing
Missiles
 b - 9 javelins
 c - 300 stones (quivered)
 e - 103 sling bullets
 h - 93 arrows
 p - 5 datura-tipped darts
 x - 111 bolts
 F - 3 throwing nets
 G - 19 poisoned darts
 K - 7 boomerangs
Armour
 n - a +0 pair of boots (worn)
 H - a +1 chain mail of poison resistance (worn)
 L - a +0 plate armour
 N - +0 steam dragon scales
Jewellery
 l - an amulet of the acrobat (around neck)
 r - a ring of positive energy (left hand)
Wands
 v - a wand of flame (7)
 W - a wand of digging (6)
Scrolls
 a - a scroll of amnesia
 d - 2 scrolls of enchant armour
 j - 5 scrolls of teleportation
 t - 2 scrolls of magic mapping
 w - a scroll of enchant weapon
 y - a scroll of noise {unknown}
 O - a scroll of acquirement {unknown}
 P - a scroll of fog {unknown}
 Q - 2 scrolls of fear {unknown}
 U - 2 scrolls of silence {unknown}
Potions
 g - 4 potions of mutation {unknown}
 k - 3 potions of heal wounds
 m - 2 potions of magic {unknown}
 o - a potion of haste {unknown}
 s - 5 potions of curing {unknown}
 u - 2 potions of brilliance
 z - 2 potions of resistance {unknown}
 A - 3 potions of degeneration {unknown}
 B - a potion of berserk rage {unknown}
 C - a potion of invisibility {unknown}
 D - a potion of ambrosia {unknown}
 E - a potion of flight {unknown}


   Skills:
 + Level 8.6 Fighting
 + Level 8.3(11.1) Axes
 + Level 7.0(8.8) Maces & Flails
 + Level 9.2(10.6) Polearms
 + Level 11.1 Armour
 + Level 5.8 Dodging
 + Level 2.6 Stealth


You had 10 spell levels left.
You didn't know any spells.
Your spell library contained the following spells:

 Spells                   Type           Power      Damage    Failure   Level
 Beastly Appendage        Tmut           0%         N/A       99%         1
 Sandblast                Erth           0%         2d4       99%         1
 Passwall                 Tmut/Erth      0%         N/A       100%        2
 Wereblood                Tmut           0%         N/A       100%        2
 Spider Form              Tmut/Pois      0%         N/A       100%        3
 Stone Arrow              Conj/Erth      0%         3d7       100%        3


Dungeon Overview and Level Annotations

Branches:
Dungeon (8/15)             Temple (1/1) D:6            Lair (0/6) D:8
Ossuary (visited)

Altars:
Ashenzari
Cheibriados
Dithmenos
Elyvilon
Gozag
Hepliaklqana
Kikubaaqudgha
Nemelex Xobeh
Okawaru
Qazlal
Sif Muna
Trog
Wu Jian
Xom
Yredelemnul

Shops:
D:4 *

Portals:
Abyss: D:8

Annotations:
D:8 1 transporter, nickcage's ghost, novice PaMo


Innate Abilities, Weirdness & Mutations

Your life essence is reduced to manifest your ancestor. (-10% HP)
You have a pair of horns on your head.
You reflexively headbutt those who attack you in melee.


Message History

Nickcage's ghost completely misses Cyneburga.
Cyneburga hits nickcage's ghost but does no damage.
The small abomination completely misses you.
Unknown command.
You closely miss the small abomination.
The small abomination is moderately damaged.
Nickcage's ghost hits Cyneburga!
Cyneburga hits nickcage's ghost with a +0 quarterstaff!
The small abomination barely misses you.
Nickcage's ghost hits Cyneburga!
Cyneburga is destroyed!
Nickcage's ghost turns its malevolent gaze towards you.
You barely miss the small abomination. You headbutt the small abomination!
The small abomination is severely damaged.
The small abomination closely misses you.
You closely miss the small abomination.
The small abomination is severely damaged.
The small abomination hits you.
Nickcage's ghost hits you but does no damage.
You slash the small abomination!
You destroy the small abomination!
The gnoll sergeant hits you but does no damage.
Space warps around you. Nickcage's ghost hits you!
You hit nickcage's ghost but do no damage.
Nickcage's ghost is almost destroyed.
The gnoll sergeant hits you but does no damage.
Space warps horribly around you!! Nickcage's ghost hits you!
* * * LOW HITPOINT WARNING * * *
x2 Unknown command.
You hit nickcage's ghost.
Nickcage's ghost is almost destroyed.
Nickcage's ghost keens inconsolably.
Nickcage's ghost barely misses you. You furiously retaliate!
You headbutt nickcage's ghost.
The gnoll sergeant hits you from afar with a +2 spear of distortion.
* * * LOW HITPOINT WARNING * * *
You blink.
The toenail golem barely misses you.
The raiju bursts into living lightning!
The living lightning hits you!!
You die...

#....[##....h?#..##.#...##.#
####.##..#...#..##..##.##..##.#
#........##...###...##x.#..##.#
#.##.##...##..#....##.#^#..##.#
#.##.##...###:##.### !.##...#.#
#.##.##..##.##.###.#.###......#
#....##.©#...# .$.#..#©.....#.###
#........##.####...#.##....##.##.
#.#####...##.##h@©....##...##.##.
#.### #....# ^#9####.#.##..#.###.
#.#.###...###Wg##..# #9.#...####.
#....##...#.§###...###5##.....##.
#.........####.......###.........
#....#.....................##.###
###.##.....................##.#
#.#######.....####.##.#.###.# #.#
##...## #..........#


You could see a toenail golem, a raiju, a gnoll sergeant and nickcage's ghost.

Vanquished Creatures
  Gastronok (D:8)
  A two-headed ogre (D:7)
  Psyche (D:8)
  A komodo dragon (D:8)
  Eustachio (D:5)
  3 yaks (D:8)
  2 hornet zombies
  An ice beast (D:5)
  2 ogres
  A centaur (D:8)
  A small abomination (D:8)
  3 bullfrogs
  3 scorpions
  2 kobold brigands
  2 wights (D:8)
  A bullfrog zombie (D:6)
  2 hounds
  2 centaur zombies
  2 orc priests
  A centaur skeleton (D:5)
  Jessica (D:3)
  An orc wizard (D:4)
  A killer bee zombie (D:6)
  5 mummies (Ossuary)
  Robin (D:4)
  10 gnolls
  8 adders
  2 dart slugs
  8 orcs
  7 bats
  5 endoplasms
  5 giant cockroaches
  20 goblins
  7 hobgoblins
  5 jackals
  3 quokkas
  8 ball pythons
  3 frilled lizards
  A hobgoblin zombie (Ossuary)
  6 kobolds
  3 kobold zombies (Ossuary)
  An orc zombie (Ossuary)
  6 rats
150 creatures vanquished.

Vanquished Creatures (collateral kills)
  Harold (D:7)
  Maggie (D:6)
  2 wraiths
  A wyvern (D:8)
  3 yaks
  Menkaure (D:6)
  An orc warrior (D:6)
  A black bear (D:6)
  2 ogres (D:6)
  A phantom (D:5)
  A gnoll sergeant (D:6)
  4 bullfrogs
  3 wights (D:8)
  2 jellies
  2 hounds (D:5)
  3 orc priests
  A centaur skeleton (D:5)
  A gnoll shaman (D:8)
  2 orc wizards (D:7)
  A killer bee zombie (D:8)
  A hound skeleton (D:5)
  3 mummies (Ossuary)
  5 gnolls
  An adder (D:5)
  8 orcs
  2 gnoll zombies (Ossuary)
  2 jackals (D:5)
  A hobgoblin zombie (Ossuary)
57 creatures vanquished.

Vanquished Creatures (others)
  2 battlemagi
  24 plants (D:8)
26 creatures vanquished.

Grand Total: 233 creatures vanquished

Notes
Turn   | Place    | Note
-------+----------+-------------------------------------------
     0 | D:1      | issech the Minotaur Monk began the quest for the Orb.
     0 | D:1      | Reached XP level 1. HP: 19/19 MP: 0/0
   191 | D:1      | Reached XP level 2. HP: 27/27 MP: 1/1
   889 | D:2      | Reached XP level 3. HP: 29/33 MP: 2/2
   969 | D:2      | Found a faded altar of an unknown god.
  1623 | D:3      | Reached XP level 4. HP: 41/41 MP: 3/3
  1947 | D:2      | Reached skill level 5 in Axes
  1961 | D:3      | Noticed a scorpion
  2005 | D:3      | Noticed Jessica
  2007 | D:3      | Killed Jessica
  2008 | D:3      | Reached skill level 1 in Armour
  2076 | D:3      | Reached XP level 5. HP: 46/47 MP: 4/4
  2368 | D:4      | Found Helegaju's Humungous Hoard.
  2782 | D:4      | Noticed Robin
  2816 | D:4      | Killed Robin
  3457 | D:4      | Reached skill level 2 in Armour
  3457 | D:4      | Reached XP level 6. HP: 49/55 MP: 5/5
  3470 | D:4      | Reached skill level 3 in Armour
  3488 | D:4      | Reached skill level 5 in Fighting
  3963 | D:5      | Entered Level 5 of the Dungeon
  3985 | D:5      | Reached skill level 1 in Maces & Flails
  4208 | D:5      | You fall into a shaft and drop 1 floor!
  4217 | D:6      | Found a staircase to the Ecumenical Temple.
  4221 | D:6      | Reached XP level 7. HP: 29/61 MP: 6/6
  4345 | D:6      | Reached skill level 4 in Armour
  4407 | Temple   | Entered the Ecumenical Temple
  4752 | Temple   | Became a worshipper of Hepliaklqana the Forgotten
  4752 | Temple   | Reached * piety under Hepliaklqana
  4752 | Temple   | Reached ** piety under Hepliaklqana
  4753 | Temple   | Remembered your ancestor Cyneburga as a battlemage
  4784 | D:6      | Reached skill level 5 in Armour
  4866 | D:7      | Noticed Harold
  4878 | D:7      | Found a sand-covered staircase.
  4884 | Ossuary  | Entered an ossuary
  5520 | D:7      | Killed Harold
  5521 | D:7      | Reached skill level 6 in Armour
  5521 | D:7      | Reached skill level 5 in Dodging
  5521 | D:7      | Reached XP level 8. HP: 23/63 MP: 7/7
  5766 | D:7      | Reached skill level 7 in Armour
  6253 | D:6      | Reached skill level 5 in Maces & Flails
  6293 | D:6      | Reached XP level 9. HP: 69/70 MP: 8/8
  6455 | D:6      | Reached skill level 8 in Armour
  6560 | D:6      | Noticed Menkaure
  6563 | D:6      | Killed Menkaure
  6617 | D:6      | Noticed Maggie
  6628 | D:6      | Killed Maggie
  6635 | D:6      | Found a shimmering altar of Xom.
  6784 | D:5      | Reached *** piety under Hepliaklqana
  6978 | D:5      | Reached skill level 9 in Armour
  7007 | D:5      | Reached skill level 1 in Polearms
  7082 | D:5      | Noticed Eustachio
  7088 | D:5      | Killed Eustachio
  7804 | D:7      | Noticed a two-headed ogre
  7812 | D:7      | Killed a two-headed ogre
  7813 | D:7      | Reached XP level 10. HP: 63/79 MP: 9/9
  7988 | D:7      | Reached **** piety under Hepliaklqana
  8423 | D:7      | Reached skill level 5 in Polearms
  8500 | D:8      | Reached skill level 10 in Armour
  8911 | D:8      | Noticed a toenail golem
  8926 | D:8      | Found a one-way gate to the infinite horrors of the Abyss.
  8926 | D:8      | Noticed nickcage's ghost (novice PaMo)
  8930 | D:8      | Found a transporter.
  8946 | D:8      | Found a transporter.
  9110 | D:8      | Noticed Gastronok
  9120 | D:8      | Killed Gastronok
  9528 | D:8      | Found a staircase to the Lair.
  9673 | D:8      | Reached skill level 11 in Armour
  9822 | D:8      | Noticed Psyche
  9827 | D:8      | Killed Psyche
 10426 | D:8      | Reached XP level 11. HP: 85/85 MP: 10/10
 10555 | D:8      | Killed from afar by a raiju

Illustrated notes

Levels and vault maps discovered:
D:1:      minmay_arrival_radiant_lines, layout_loops_ring
D:2:      layout_loops_cross, ebering_ecumenical_altar_mist, st_stairs_2
D:3:      layout_rooms, uniq_jessica
D:4:      layout_rooms, serial_rivers, chequers_serial_rivers_room_a,
          chequers_serial_rivers_small_3, chequers_serial_rivers_room_a,
          chequers_serial_rivers_marsh, chequers_serial_rivers_room_a,
          chequers_serial_rivers_micro_d, nicolae_alphabet_shops, uniq_robin
D:5:      layout_cave_pools, kennysheep_generic_room_7, uniq_eustachio
D:6:      layout_gridville, brannock_xom_greatest_gift,
          minmay_temple_entry_grid, kennysheep_flooded_box,
          hangedman_abyss_or_decor_stabs, hangedman_decor_clover_reticule,
          uniq_menkaure, uniq_maggie
D:7:      layout_gridville, nicolae_ossuary_entry_plus, uniq_harold
D:8:      layout_loops_corners, david_lair_shrubbed,
          gammafunk_ghost_abyssal_escape, chequers_avenue, grunt_ministairs_10,
          uniq_psyche, uniq_gastronok
Temple:   nicolae_temple_great_sept

Skill      XL: |  1  2  3  4  5  6  7  8  9 10 |
---------------+-------------------------------+-----
Fighting       | 4 5 6 7 8 |  8.6
Axes           | 4 5 6 7 8 |  8.3
Dodging        | 4 5 |  5.8
Armour         | 1 2 3 6 7 9 11 | 11.1
Maces & Flails | 1 4 5 7 |  7.0
Stealth        | 2 |  2.6
Polearms       | 4 9 |  9.2

Action                   |  1- 3 |  4- 6 |  7- 9 | 10-12 || total
-------------------------+-------+-------+-------+-------++-------
Melee: Hand axe          |    77 |    80 |    29 |       ||   186
       Headbutt          |    11 |    18 |    37 |    24 ||    90
       Punch             |     1 |       |     1 |       ||     2
       Whip              |       |    47 |    64 |       ||   111
       Glaive            |       |       |    42 |    84 ||   126
       Mace              |       |       |     8 |       ||     8
Throw: Stone             |       |       |     1 |       ||     1
Invok: Recall Ancestor   |       |       |     1 |       ||     1
       Ancestor Life: Ba |       |       |     1 |       ||     1
  Use: Potion            |       |       |     1 |       ||     1
       Scroll            |       |       |       |     5 ||     5
 Stab: Sleeping          |     2 |       |       |       ||     2
       Distracted        |       |       |       |     1 ||     1
Armor: Robe              |    10 |       |       |       ||    10
       Scale mail        |    23 |    50 |    17 |       ||    90
       Chain mail        |       |       |    53 |    46 ||    99
Dodge: Dodged            |    80 |   105 |   112 |    56 ||   353
